 Dungeon Crawl Stone Soup version 0.29-a0-330-g52719c12eb (webtiles) character file.

Game seed: 13625304656840549364

1 kae the Firebug (level 1, -2/14 HPs)
             Began as a Demigod Fire Elementalist on May 29, 2022.
             Slain by a hobgoblin (4 damage)
             ... on level 1 of the Dungeon.
             The game lasted 00:00:04 (32 turns).

kae the Firebug (Demigod Fire Elementalist)           Turns: 32, Time: 00:00:05

Health: -2/14      AC:  2    Str:  9    XL:     1   Next: 13%
Magic:  0/5        EV: 12    Int: 17    God:
Gold:   0          SH:  0    Dex: 14    Spells: 2/3 levels left

rFire   . . .      SeeInvis .   (no weapon)
rCold   . . .      Faith    .   (no shield)
rNeg    . . .      Spirit   .   a - +0 robe
rPois   .          Reflect  .   (no helmet)
rElec   .          Harm     .   (no cloak)
rCorr   .          Rampage  .   (no gloves)
Will    .....                   (no boots)
Stlth   ++........              (no amulet)
HPRegen 0.04/turn               (no ring)
MPRegen 0.09/turn               (no ring)

@: no status effects
A: high MP 1, forlorn, divine attributes
a: no special abilities


You were on level 1 of the Dungeon.
You visited 1 branch of the dungeon, and saw 1 of its levels.

Inventory:

Armour
 a - a +0 robe (worn)
Potions
 b - a potion of magic


   Skills:
 - Level 1.7 Dodging
 - Level 1.7 Stealth
 + Level 1.7 Spellcasting
 * Level 1.0 Conjurations
 * Level 2.7 Fire Magic


You had 2 spell levels left.
You knew the following spells:

 Your Spells              Type           Power      Damage    Failure   Level
a - Foxfire               Conj/Fire      28%        2x1d5     10%         1

Your spell library contained the following spells:

 Spells                   Type           Power      Damage    Failure   Level
 Scorch                   Fire           20%        2d6       10%         2
 Conjure Flame            Conj/Fire      7%         6-21      28%         3
 Inner Flame              Hex/Fire       6%         N/A       34%         3
 Flame Wave               Conj/Fire      7%         2d5       67%         4


Dungeon Overview and Level Annotations

Branches:
Dungeon (1/15)


Innate Abilities, Weirdness & Mutations

You have an increased reservoir of magic. (+10% MP)
You shall have no god before yourself.
Your divine heritage dramatically boosts your attributes as you level up.


Message History

A bat comes into view.
A rat comes into view.
Casting: Foxfire (safe; 10% risk of failure)
Confirm with . or Enter, or press ? or * to list all spells.
You conjure some foxfire!
The foxfire hits the bat.
The bat is severely wounded.
The foxfire hits the bat.
You kill the bat!
The bat hits you but does no damage.
Casting: Foxfire (safe; 10% risk of failure)
Confirm with . or Enter, or press ? or * to list all spells.
You conjure some foxfire!
The foxfire hits the bat.
The bat is moderately wounded.
The bat hits you.
The foxfire hits the bat.
The bat is severely wounded.
The bat barely misses you.
Casting: Foxfire (safe; 10% risk of failure)
Confirm with . or Enter, or press ? or * to list all spells.
You conjure some foxfire!
The foxfire hits the bat.
You kill the bat!
The hobgoblin closely misses you.
Your Conjurations skill increases to level 1!
The hobgoblin hits you.
There are monsters nearby!
Casting: Foxfire (safe; 10% risk of failure)
Confirm with . or Enter, or press ? or * to list all spells.
You conjure some foxfire!
The rat bites you. The hobgoblin hits you.
The foxfire hits the hobgoblin.
The hobgoblin is moderately wounded.
The hobgoblin hits you.
* * * LOW HITPOINT WARNING * * *
The rat bites you but does no damage.
Your foxfire dissipates!
The foxfire hits the hobgoblin but does no damage.
The hobgoblin is moderately wounded.
Casting: Foxfire (safe; 10% risk of failure)
Confirm with . or Enter, or press ? or * to list all spells.
You conjure some foxfire!
The hobgoblin hits you.
You die...

...##...##.#
##.##..#
#'#..####### .
#'#........##..#.
##⌠##...###.......
+⌠<⌠+.......##..
##⌠##..#.......#
#+#...#v##.####
#....v@gr#
##..##§#†.....#
##.##.#.##(... ..
.)..# ... ..
.#.### . ## ###.#
#.# #.#


You could see a hobgoblin (ally target) and a rat.

Vanquished Creatures
  2 bats (D:1)
2 creatures vanquished.

Vanquished Creatures (others)
  4 foxfires (D:1)
4 creatures vanquished.

Grand Total: 6 creatures vanquished

Notes
Turn   | Place    | Note
-------+----------+-------------------------------------------
     0 | D:1      | kae the Demigod Fire Elementalist began the quest for the
                  | Orb.
     0 | D:1      | Reached XP level 1. HP: 14/14 MP: 5/5
    28 | D:1      | Reached skill level 1 in Conjurations
    32 | D:1      | Slain by a hobgoblin

Illustrated notes

Levels and vault maps discovered:
D:1:      grunt_arrival_crossed_arrows, layout_loops_cross,
          dreamdust_ecumenical_altar_statues, minmay_heptomino_w4

Skill      XL: |  1 |
---------------+----+-----
Conjurations   | 1 |  1.0
Dodging        | |  1.7
Stealth        | |  1.7
Spellcasting   | |  1.7
Fire Magic     | |  2.7

Action                   || total
-------------------------++-------
 Cast: Foxfire           ||     5
Armor: Robe              ||     2
Dodge: Dodged            ||     2

Table legend: (Time is in decaauts)
 A = Elapsed time spent in this place.
 B = Non-inter-level travel time spent in this place.
 C = Inter-level travel time spent in this place.
 D = Time resting spent in this place.
 E = Time spent auto-exploring this place.
 F = Levels seen in this place.
 G = Mean time per level.
                   A        B        C        D        E       F      G
               +--------+--------+--------+--------+--------+-----+--------+
         Total |     32 |     32 |      0 |      0 |     19 |   1 |   32.0 |
       Dungeon |     32 |     32 |      0 |      0 |     19 |   1 |   32.0 |
               +--------+--------+--------+--------+--------+-----+--------+

Top non-repeatable levels by time:
     D:1: 32 daAuts
